Map: Oxide LE

Players

noooobie

  • Race: Terran Terran
  • Spawn Location: 7:00

ViBE - Winner!

  • Race: Protoss Protoss
  • League: Bronze
  • Spawn Location: 1:00

VOD

https://www.youtube.com/watch?v=VjhJ7E-kFgw&list=PLFeZeom2b4DnD3FIu7pzkXl51JX_WWz2h&index=2

Description

Time

  • Played on: March 9, 2021, 8:53 p.m.
  • Length: 10:35
Show
View Real Time Build Order
Export as new Build Order

noooobie Terran 

Build Orders:  

Get SALT Encoding   

  12  0:15  Supply Depot  
  12  0:24  Refinery  
  12  0:40  Supply Depot  
  12  0:46  Barracks  
  12  1:02  Supply Depot  
  12  1:07  SCV  
  13  1:19  SCV  
  14  1:29  Supply Depot  
  14  1:37  Barracks Reactor  
  14  1:41  Orbital Command  
  14  2:01  Supply Depot  
  14  2:28  Marine  
  14  2:29  Marine  
  16  2:30  Barracks  
  16  2:38  Barracks  
  16  2:48  Engineering Bay  
  16  2:51  Marine  
  17  3:23  Supply Depot  
  17  3:38  Marine x2  
  17  3:40  Missile Turret  
  17  3:41  Barracks Reactor  
  19  3:42  Barracks Reactor  
  19  4:03  Marine x2  
  21  4:22  Marine x2  
  21  4:23  Marine x2  
  21  4:24  Marine x2  
  27  4:54  Marine  
  27  4:55  Marine x2  
  27  4:56  Marine x3  
  33  5:01  Supply Depot  
  33  5:24  Marine  
  33  5:25  Marine x4  
  33  5:26  Marine  
  39  5:48  Marine x5  
  39  5:49  Marine  
  45  6:12  Marine  
  45  6:13  Marine x4  
  45  6:14  Marine  
  51  6:32  Marine x2  
  52  6:38  Marine x2  
  55  6:40  Marine x2  
  57  6:54  Marine x2  
  57  6:56  Marine x2  
  61  7:02  Marine x2  
Show
View Real Time Build Order
Export as new Build Order

ViBE Protoss - Winner!

Build Orders: 1 Gate Expand 

Get SALT Encoding   

  12  0:03  Probe  
  13  0:15  Probe  
  14  0:24  Pylon  
  14  0:29  Probe  
  15  0:42  Probe  
  16  0:45  Gateway  
  16  1:02  Probe  
  17  1:16  Probe  
  18  1:20  Assimilator  
  18  1:37  Nexus  
  18  1:49  Probe  
  19  1:57  Cybernetics Core  
  19  2:01  Probe  
  20  2:13  Probe  
  20  2:15  Pylon  
  21  2:20  Assimilator  
  21  2:25  Probe (Chrono Boost)  
  22  2:35  Stalker  
  25  2:37  Probe (Chrono Boost)  
  25  2:38  Warp Gate  
  25  2:44  Probe (Chrono Boost)  
  25  2:50  Probe  
  27  2:51  Probe  
  28  3:03  Probe x2  
  30  3:10  Stalker  
  30  3:11  Pylon  
  32  3:15  Probe  
  32  3:16  Probe  
  34  3:22  Robotics Facility  
  34  3:25  Gateway  
  34  3:27  Probe  
  34  3:28  Probe  
  36  3:39  Probe  
  36  3:40  Probe  
  38  3:51  Probe  
  38  3:52  Probe  
  40  4:03  Probe  
  40  4:04  Probe  
  42  4:10  Observer  
  42  4:15  Probe  
  44  4:18  Probe  
  45  4:27  Probe  
  45  4:28  Stalker x2  
  50  4:31  Immortal  
  50  4:35  Nexus  
  50  4:36  Pylon  
  54  4:39  Pylon  
  54  4:49  Assimilator  
  54  4:50  Assimilator  
  54  4:54  Probe x2  
  54  4:55  Pylon  
  54  4:57  Pylon  
  54  4:58  Stalker x2  
  60  5:00  Pylon  
  60  5:07  Probe x2  
  62  5:11  Immortal  
  66  5:19  Probe x2  
  68  5:45  Probe x2  
  70  5:50  Probe  
  71  5:57  Probe x2  
  71  5:59  Stalker  
  71  6:00  Stalker  
  77  6:06  Immortal  
  82  6:11  Probe x3  
  82  6:16  Pylon  
  84  6:21  Pylon  
  84  6:23  Probe x3  
  87  6:25  Stalker x2  
  91  6:43  Probe x2  
  91  6:44  Probe  
  91  6:45  Immortal  
  98  6:55  Assimilator x2, Probe  
  98  6:56  Probe x2  
  98  7:00  Nexus  
  101  7:01  Pylon, Stalker  
  101  7:02  Stalker  
  101  7:04  Pylon  
  101  7:07  Probe  
  101  7:08  Probe x2  
  107  7:12  Pylon  
  108  7:15  Pylon  
  108  7:19  Pylon  
  108  7:24  Immortal  
  108  7:25  Probe x3  
  108  7:26  Twilight Council  
  108  7:27  Stalker  
  108  7:28  Stalker  
  108  7:29  Forge  
  119  7:43  Probe x2  
  119  7:44  Probe  
  122  7:48  Gateway x2  
  122  7:51  Gateway  
  122  7:52  Gateway  
  122  7:55  Gateway  
  122  7:57  Gateway  
  122  7:59  Stalker x2  
  122  8:00  Gateway  
  122  8:01  Probe x3  
  122  8:03  Gateway  
  129  8:15  Probe  
  129  8:16  Probe x3  
  133  8:25  Stalker x2  
  136  8:27  Immortal  
  136  8:32  Probe  
  136  8:33  Probe x3  
  129  8:44  Probe  
  129  8:45  Probe x3  
  133  8:51  Pylon  
  133  8:53  Pylon  
  133  8:56  Pylon  
  133  9:16  Assimilator  
  133  9:18  Assimilator  
  133  9:52  Nexus  
Tags
 
League
Bronze
Matchup
PvT
Player
ViBE
Replay Pack
Bronze_League
Spawn Locations
Cross Positions
Add a new tag
Caveats
  • Supply blocks, unpowered buildings, or Contaminate may cause inaccurate times.
  • Supply counts are checked every 10 seconds.